 Dungeon Crawl Stone Soup version 0.22.0-13-g43fe8f2 (webtiles) character file.

56 Faca the Cutter (level 4, -7/31 HPs)
             Began as a Halfling Abyssal Knight on Aug 16, 2018.
             Was a Follower of Lugonu.
             Killed from afar by Natasha (12 damage)
             ... with a magic dart
             ... on level 2 of the Dungeon.
             The game lasted 00:07:09 (2053 turns).

Faca the Cutter (Halfling Abyssal Knight)           Turns: 2053, Time: 00:07:10

Health: -7/31      AC:  5    Str: 13    XL:     4   Next: 15%
Magic:  5/5        EV: 12    Int: 10    God:    Lugonu [*.....]
Gold:   55         SH:  0    Dex: 14    Spells: 3/3 levels left

rFire    . . .     SeeInvis +   a - +1 short sword
rCold    . . .     Gourm    .   (shield restricted)
rNeg     . . .     Faith    .   f - +0 ring mail
rPois    .         Spirit   .   (no helmet)
rElec    .         Reflect  .   (no cloak)
rCorr    .         Harm     .   (no gloves)
MR       .....                  (no boots)
Stlth    +.........             (no amulet)
HPRegen  0.10/turn              e - ring of see invisible
MPRegen  0.09/turn              (no ring)

@: no status effects
A: small, mutation resistance 1
a: Depart the Abyss, Renounce Religion


You were on level 2 of the Dungeon.
You worshipped Lugonu.
Lugonu was aware of your devotion.
You were not hungry.

You visited 1 branch of the dungeon, and saw 2 of its levels.
You visited the Abyss 1 time.

You collected 55 gold pieces.

Inventory:

Hand Weapons
 a - a +1 short sword (weapon)
 h - a +0 hunting sling
Missiles
 d - 54 stones (quivered)
Armour
 f - a +0 ring mail (worn)
Jewellery
 e - a ring of see invisible (left hand)
Scrolls
 b - a scroll of identify {unknown}
 i - a scroll of teleportation {unknown}
 j - a scroll of fog {unknown}
 k - a scroll of enchant armour {unknown}
 l - a scroll of random uselessness {unknown}
Potions
 g - a potion of heal wounds {unknown}
Comestibles
 c - 3 rations


   Skills:
 + Level 3.2 Fighting
 + Level 4.2 Short Blades
 + Level 0.4 Slings
 - Level 2.1 Armour
 - Level 1.1 Dodging
 - Level 2.0 Invocations


You had 3 spell levels left.
You didn't know any spells.
Your spell library was empty.

Dungeon Overview and Level Annotations

Branches:
Dungeon (2/15)

Altars:
Cheibriados
Fedhas
Trog

Annotations:
D:2 Natasha


Innate Abilities, Weirdness & Mutations

You are small and have problems with some larger weapons.
You are somewhat resistant to further mutation.


Message History

Natasha casts a spell at you. The magic dart hits you!
* * * LOW HITPOINT WARNING * * *
The white imp summons a swarm of flies.
Natasha mumbles some strange words.
Natasha's front paws start to glow.
Natasha casts a spell at you. You resist with some effort.
You see here a worm corpse.
Natasha mumbles some strange words.
Natasha hisses.
Natasha casts a spell.
Natasha extends her claws.
Natasha casts a spell.
You see here a rat skeleton.
Natasha stares at you and mumbles some strange words.
You resist with some effort.
Natasha stares at you and mumbles some strange words.
The magic dart hits you!
You die...

#.##.#
.###########......
#...##
#..........5.##.##
#....#
#.#####.......##.##
####...#.# #.#
#5####.###h## ##.##...#
.#.# #.# #.# #.##
##...#...###.# #.# #.#
#.## #............# #.#
#.# #...
##...#.......########.#
#.####..
##.#######..÷..@.÷.h.#
###)#### #.#
#.########### ##_.♣##
#.# #.# #8...'. #.# #.#
##_.♣#. #.# #)# #.####
#.# #.# ####.# ###.#
#.# #.# ....# #.# ###.#
##### #.#
###########....


You could see Natasha.

Vanquished Creatures
  2 worms (D:2)
  3 ball pythons (D:1)
  4 bats
  2 giant cockroaches (D:1)
  7 hobgoblins
  7 jackals (D:1)
  3 frilled lizards
  4 goblins
  8 kobolds
  7 rats
47 creatures vanquished.

Notes
Turn   | Place    | Note
-------+----------+-------------------------------------------
     0 | Abyss:1  | Faca the Halfling Abyssal Knight began the quest for the Orb.
     0 | Abyss:1  | Reached XP level 1. HP: 15/15 MP: 2/2
    37 | Abyss:1  | Noticed a large abomination
    38 | D:1      | Escaped the Abyss
   317 | D:1      | Reached skill level 3 in Short Blades
   317 | D:1      | Reached XP level 2. HP: 14/20 MP: 3/3
   465 | D:1      | Reached * piety under Lugonu
   735 | D:1      | Reached XP level 3. HP: 24/26 MP: 4/4
   933 | D:1      | Found a bloodstained altar of Trog.
  1180 | D:1      | Reached skill level 4 in Short Blades
  1818 | D:2      | Reached XP level 4. HP: 31/31 MP: 5/5
  1881 | D:2      | Found a snail-covered altar of Cheibriados.
  1882 | D:2      | Found a blossoming altar of Fedhas.
  1975 | D:2      | Noticed Natasha
  2014 | D:2      | HP: 1/31 [Natasha/magic dart (6)]
  2053 | D:2      | Killed from afar by Natasha

Skill      XL: |  1  2  3 |
---------------+----------+-----
Short Blades   | 3 4 |  4.2
Fighting       | 3 |  3.2
Slings         | |  0.4
Armour         | |  2.1
Dodging        | |  1.1
Invocations    | |  2.0

Action                   |  1- 3 |  4- 6 || total
-------------------------+-------+-------++-------
Melee: Short sword       |   142 |    29 ||   171
 Fire: Hunting sling     |       |    10 ||    10
Throw: Stone             |     4 |       ||     4
Invok: Depart the Abyss  |     1 |       ||     1
  Eat: Ration            |     1 |       ||     1
Armor: Leather armour    |    15 |       ||    15
       Ring mail         |    20 |    18 ||    38
Dodge: Dodged            |    73 |    23 ||    96
